 Seeded DCSS version 0.30-a0-6-g7c9e10e132 (webtiles) character file.

Game seed: 1 (custom seed)

42 Kazon the Covered (level 3, 0/31 HPs)
             Began as a Demigod Fighter on Aug 22, 2022.
             Succumbed to an adder's poison
             ... on level 2 of the Dungeon.
             The game lasted 00:05:59 (1392 turns).

Kazon the Covered (Demigod Fighter)                 Turns: 1392, Time: 00:05:59

Health: 0/31       AC: 11    Str: 21    XL:     3   Next: 19%
Magic:  5/5        EV:  9    Int: 10    God:
Gold:   167        SH:  4    Dex: 13    Spells: 2/2 levels left

rFire   . . .      SeeInvis .    a - +0 long sword
rCold   . . .      Faith    .    c - +0 buckler
rNeg    . . .      Spirit   .    b - +0 scale mail
rPois   .          Reflect  .    j - +0 helmet
rElec   .          Harm     .    (no cloak)
rCorr   .          Rampage  .    (no gloves)
Will    .....                    l - +2 pair of boots
Stlth   ..........               e - amulet of the acrobat
HPRegen 0.10/turn                (no ring)
MPRegen 0.09/turn                (no ring)

@: mighty, lethally poisoned (0 -> -4), hasted, studying Fighting, very quick
A: high MP 1, forlorn, divine attributes
a: no special abilities


You were on level 2 of the Dungeon.
You visited 1 branch of the dungeon, and saw 2 of its levels.

You collected 167 gold pieces.

Inventory:

Hand Weapons
 a - a +0 long sword (weapon)
Missiles
 i - 14 stones (quivered)
 n - 3 boomerangs
Armour
 b - a +0 scale mail (worn)
 c - a +0 buckler (worn)
 j - a +0 helmet (worn)
 l - a +2 pair of boots (worn)
Jewellery
 e - an amulet of the acrobat (around neck)
Scrolls
 m - a scroll of immolation {unknown}
 o - a scroll of identify {unknown}
Potions
 g - a potion of flight {unknown}
 h - a potion of attraction {unknown}
 k - a potion of berserk rage {unknown}


   Skills:
 + Level 3.0 Fighting
 + Level 2.3 Long Blades
 * Level 0.1 Throwing
 + Level 3.2 Armour
 + Level 0.4 Dodging
 + Level 3.0 Shields


You had 2 spell levels left.
You didn't know any spells.
Your spell library contained the following spells:

 Spells                   Type           Power      Damage    Failure   Level
 Apportation              Tloc           0%         N/A       80%         1
 Necrotise                Necr           0%         1d4       80%         1
 Summon Small Mammal      Summ           0%         N/A       80%         1


Dungeon Overview and Level Annotations

Branches:
Dungeon (2/15)


Innate Abilities, Weirdness & Mutations

You have an increased reservoir of magic. (+10% MP)
You shall have no god before yourself.
Your divine heritage dramatically boosts your attributes as you level up.


Message History

The adder is severely wounded.
You block the adder's attack. The gnoll hits you with a +0 whip.
* * * LOW HITPOINT WARNING * * *
The adder bites you but does no damage.
You completely miss the adder.
The adder is severely wounded.
The adder bites you but does no damage. The gnoll hits you but does no damage.
You miss the adder.
The adder is severely wounded.
The adder closely misses you. The gnoll barely misses you.
The adder barely misses you. You block the gnoll's attack.
You closely miss the adder.
The adder is severely wounded.
The adder bites you but does no damage. The gnoll hits you but does no damage.
You block the adder's attack.
You closely miss the adder.
The adder is severely wounded.
The adder bites you but does no damage. You block the gnoll's attack.
The adder closely misses you.
It was a potion of haste.
You feel yourself speed up. The gnoll hits you with a +0 whip.
* * * LOW HITPOINT WARNING * * *
The adder bites you but does no damage.
You miss the adder.
The adder is severely wounded.
The gnoll barely misses you. The adder bites you but does no damage.
You miss the adder.
The adder is severely wounded.
The gnoll hits you but does no damage. The adder bites you.
* * * LOW HITPOINT WARNING * * *
You are lethally poisoned!
The adder poisons you!
You closely miss the adder.
The adder is severely wounded.
* * * LOW HITPOINT WARNING * * *
You feel sick. The adder bites you but does no damage.
The gnoll hits you but does no damage.
You slash the adder!
You kill the adder!
You die...

†# #.#..#
#....g.g........
.###.#.##
#..#############
.....#.##### ##g#
....... .##..#.....#
#.# #######
.##..#.###.# #g# #
..#..#.# #.# #.# #
#......# #.# #.# #
#.#.######.########g#
# ....# #.......@gJg#
. #.#.# #..##########
# #.#.## #..#
#....####..#
#..#.......#
#....#####.# ..#.##
##.# ..#.# ##..#
.##.####...#


You could see 3 gnolls and an endoplasm.

Vanquished Creatures
  2 adders (D:2)
  A worm (D:2)
  6 endoplasms
  A giant cockroach (D:1)
  5 goblins
  3 hobgoblins
  2 kobolds
  A quokka (D:1)
  A ball python (D:2)
  2 bats
  2 frilled lizards (D:2)
  3 rats (D:1)
29 creatures vanquished.

Notes
Turn   | Place    | Note
-------+----------+-------------------------------------------
     0 | D:1      | Kazon the Demigod Fighter began the quest for the Orb.
     0 | D:1      | Reached XP level 1. HP: 18/18 MP: 3/3
    86 | D:1      | Identified a scroll of acquirement
    86 | D:1      | Acquired a manual of Fighting
   453 | D:1      | Reached XP level 2. HP: 25/26 MP: 4/4
  1144 | D:2      | Reached XP level 3. HP: 31/31 MP: 5/5
  1391 | D:2      | HP: 1/31 [poisoned by an adder]
  1392 | D:2      | Succumbed to an adder's poison

Illustrated notes

Levels and vault maps discovered:
D:1:      dpeg_arrival_three_smaller_balls, layout_basic
D:2:      layout_loops_ring

Skill      XL: |  1  2 |
---------------+-------+-----
Fighting       | 3 |  3.0
Armour         | 3 |  3.2
Shields        | 3 |  3.0
Long Blades    | 2 |  2.3
Throwing       | |  0.1
Dodging        | |  0.4

Action                   || total
-------------------------++-------
Melee: Long sword        ||   109
Throw: Stone             ||     3
  Use: Scroll            ||     1
       Potion            ||     2
Armor: Scale mail        ||    54
Dodge: Dodged            ||    62
Block: Buckler           ||    40

Table legend: (Time is in decaauts)
 A = Elapsed time spent in this place.
 B = Non-inter-level travel time spent in this place.
 C = Inter-level travel time spent in this place.
 D = Time resting spent in this place.
 E = Time spent auto-exploring this place.
 F = Levels seen in this place.
 G = Mean time per level.
                   A        B        C        D        E       F      G
               +--------+--------+--------+--------+--------+-----+--------+
         Total |   1428 |   1376 |     52 |      0 |    590 |   2 |  714.0 |
       Dungeon |   1428 |   1376 |     52 |      0 |    590 |   2 |  714.0 |
               +--------+--------+--------+--------+--------+-----+--------+

Top non-repeatable levels by time:
     D:1: 947 daAuts
     D:2: 481 daAuts
